 Dungeon Crawl Stone Soup version 0.30-a0-263-ge22c4ad894 (webtiles) character file.

Game seed: 7270849600091108977

109 Anon1729 the Trooper (level 4, -4/35 HPs)
             Began as a Mummy Monk on Oct 13, 2022.
             Was a Priest of Nemelex Xobeh.
             Slain by an orc
             ... wielding a +0 mace
              (5 damage)
             ... on level 3 of the Dungeon.
             The game lasted 00:02:46 (2108 turns).

Anon1729 the Trooper (Mummy Monk)                   Turns: 2108, Time: 00:02:47

Health: -4/35      AC:  2    Str: 14    XL:     4   Next: 60%
Magic:  5/5        EV: 13    Int:  9    God:    Nemelex Xobeh [***...]
Gold:   116        SH:  0    Dex: 16    Spells: 3/3 levels left

rFire   x . .      SeeInvis .    a - +0 short sword
rCold   + . .      Faith    +    (no shield)
rNeg    + + +      Spirit   .    b - +0 robe
rPois   ∞          Reflect  .    (no helmet)
rElec   .          Harm     .    (no cloak)
rCorr   .          Rampage  .    (no gloves)
Will    .....                    (no boots)
Stlth   ++........               (no amulet)
HPRegen 0.25/turn                (no ring)
MPRegen 0.09/turn                (no ring)

@: no status effects
A: cold resistance 1, negative energy resistance 3, torment resistance 2, heat
vulnerability 1, in touch with death 1, no potions, faith
a: Renounce Religion, Draw Escape, Draw Destruction, Draw Summoning, Triple Draw


You were on level 3 of the Dungeon.
You worshipped Nemelex Xobeh.
Nemelex Xobeh was most pleased with you.
You visited 1 branch of the dungeon, and saw 3 of its levels.

You collected 116 gold pieces.

Inventory:

Hand Weapons
 a - a +0 short sword (weapon)
Armour
 b - a +0 robe (worn)
Scrolls
 c - a scroll of identify {unknown}
 d - 2 scrolls of vulnerability {unknown}


   Skills:
 + Level 3.4 Fighting
 + Level 2.8 Short Blades
 + Level 2.9 Dodging
 + Level 2.2 Stealth
 * Level 2.1 Invocations


You had 3 spell levels left.
You didn't know any spells.
Your spell library was empty.

Dungeon Overview and Level Annotations

Branches:
Dungeon (3/15)

Altars:
Nemelex Xobeh


Innate Abilities, Weirdness & Mutations

You are immune to poison.
Your flesh is cold resistant. (rC+)
You are immune to negative energy. (rN+++)
You are immune to unholy pain and torment.
You are vulnerable to heat. (rF-)
You are in touch with the powers of death.
You do not drink.
You have a special connection with the divine. (Faith)


Message History

A gnoll comes into view. It is wielding a +0 club.
You closely miss the orc. Something hits you. The orc barely misses you.
You are too injured to fight recklessly!
You are too injured to fight recklessly!
You are too injured to fight recklessly!
You are too injured to fight recklessly!
You are too injured to fight recklessly!
You are too injured to fight recklessly!
You are too injured to fight recklessly!
You are too injured to fight recklessly!
There are monsters nearby!
Something hits you. The orc attacks as you move away!
The orc closely misses you. Something hits you.
* * * LOW HITPOINT WARNING * * *
Something shatters you.
* * * LOW HITPOINT WARNING * * *
Something hits you.
* * * LOW HITPOINT WARNING * * *
Something hits you.
* * * LOW HITPOINT WARNING * * *
There is a stone staircase leading up here.
You can't drink.
You draw a card...
You have drawn Pain.
Press: ? - help, Shift-Dir - straight line, f - gnoll
Aim: a gnoll, wielding a +0 spear The bolt of negative energy misses the orc.
The bolt of negative energy hits the gnoll!
The gnoll is drained!
You kill the gnoll!
The bolt of negative energy hits the gnoll!!
The gnoll is drained!
You kill the gnoll!
The bolt of negative energy hits the gnoll!!
The gnoll is drained!
You kill the gnoll!
The orc hits you with a +0 mace.
You die...
Your body glows with a rainbow of weird colours and disappears.

####.....# #........#
#.##....### #.#
#.#..)†.....# #.#
#.g..)..###.#####.#
...##..#..........#.#
. +..<#).....###.#.#
#.#.#o####...#.#.#
.....#.@..#.....#.#
### #.####.#.#.#...#
#. #.#.#.###
#.#.....# #.....#.#
#.###...# #...#.###
###.#.. #.#####


You could see an orc.

Vanquished Creatures
  6 gnolls
  2 adders (D:2)
  4 dart slugs
  An orc (D:3)
  3 endoplasms (D:1)
  A giant cockroach (D:2)
  4 goblins
  4 hobgoblins
  4 jackals (D:1)
  A quokka (D:1)
  9 ball pythons
  9 bats
  2 frilled lizards
  5 kobolds
  2 rats (D:2)
57 creatures vanquished.

Notes
Turn   | Place    | Note
-------+----------+-------------------------------------------
     0 | D:1      | Anon1729 the Mummy Monk began the quest for the Orb.
     0 | D:1      | Reached XP level 1. HP: 18/18 MP: 1/1
    48 | D:1      | Found a faded altar of an unknown god.
    66 | D:1      | Prayed at the altar of an unknown god.
    66 | D:1      | Became a worshipper of Nemelex Xobeh the Trickster
    66 | D:1      | Reached * piety under Nemelex Xobeh
    66 | D:1      | Received a gift from Nemelex Xobeh
    66 | D:1      | Reached ** piety under Nemelex Xobeh
    66 | D:1      | Received a gift from Nemelex Xobeh
   206 | D:1      | Reached XP level 2. HP: 15/24 MP: 2/2
   314 | D:1      | Reached *** piety under Nemelex Xobeh
   411 | D:1      | Reached skill level 1 in Invocations
   808 | D:1      | Gained mutation: You are in touch with the powers of death.
                  | [Mummy growth]
   808 | D:1      | Reached XP level 3. HP: 8/29 MP: 3/3
  1260 | D:2      | Received a gift from Nemelex Xobeh
  1427 | D:2      | Reached XP level 4. HP: 30/35 MP: 5/5
  2107 | D:3      | HP: 1/35 [something (2)]
  2108 | D:3      | Slain by an orc

Illustrated notes

Levels and vault maps discovered:
D:1:      ncdulo_smallfort, layout_loops_ring, basic_ecumenical_altar,
          minmay_misc_feat_encased, minmay_misc_feat_alley
D:2:      layout_loops_cross, minmay_octomino_e4
D:3:      minmay_door_path, layout_basic, ebering_ghost_inner_flame,
          minmay_quantized

Skill      XL: |  1  2  3  4 |
---------------+-------------+-----
Invocations    | 1 2 |  2.1
Stealth        | 2 |  2.2
Fighting       | |  3.4
Short Blades   | |  2.8
Dodging        | |  2.9

Action                   |  1- 3 |  4- 6 || total
-------------------------+-------+-------++-------
Melee: Short sword       |   136 |    88 ||   224
       Punch             |     1 |     2 ||     3
Invok: Draw Destruction  |     1 |     2 ||     3
  Use: Scroll            |     1 |       ||     1
 Stab: Sleeping          |     6 |     2 ||     8
       Distracted        |     1 |       ||     1
Armor: Robe              |    33 |    15 ||    48
Dodge: Dodged            |   113 |    59 ||   172

Table legend: (Time is in decaauts)
 A = Elapsed time spent in this place.
 B = Non-inter-level travel time spent in this place.
 C = Inter-level travel time spent in this place.
 D = Time resting spent in this place.
 E = Time spent auto-exploring this place.
 F = Levels seen in this place.
 G = Mean time per level.
                   A        B        C        D        E       F      G
               +--------+--------+--------+--------+--------+-----+--------+
         Total |   2080 |   2015 |     65 |    170 |   1386 |   3 |  693.3 |
       Dungeon |   2080 |   2015 |     65 |    170 |   1386 |   3 |  693.3 |
               +--------+--------+--------+--------+--------+-----+--------+

Top non-repeatable levels by time:
     D:1: 1108 daAuts
     D:2: 901 daAuts
     D:3: 70 daAuts
